 Dungeon Crawl Stone Soup version 0.26-a0-259-g1effd001a9 (webtiles) character file.

Game seed: 2969400711286034264

9015 Esekla the Magician (level 11, -12/80 HPs)
             Began as a Formicid Venom Mage on July 13, 2020.
             Was a High Priest of Qazlal.
             Mangled by a skeletal warrior
             ... wielding a cursed +0 battleaxe
             ... led by a skeletal warrior
              (17 damage)
             ... on level 10 of the Dungeon.
             The game lasted 01:23:04 (11073 turns).

Esekla the Magician (Formicid Venom Mage)          Turns: 11073, Time: 01:23:05

Health: -12/80     AC:  7    Str: 12    XL:     11   Next: 66%
Magic:  21/31      EV: 12    Int: 19    God:    Qazlal [*****.]
Gold:   598        SH:  6    Dex: 11    Spells: 2/25 levels left

rFire    . . .     SeeInvis +   G - +6 trident "Fuexiewevi" {venom, rN+ MR++ Stlth-}
rCold    . . .     Faith    +   (no shield)
rNeg     + . .     Spirit   .   f - +0 leather armour
rPois    .         Reflect  .   (helmet unavailable)
rElec    .         Harm     .   (no cloak)
rCorr    .                      (no gloves)
MR       +++..                  (no boots)
Stlth    +.........             D - amulet of faith
HPRegen  0.23/turn              m - +4 ring of protection
MPRegen  0.22/turn              Q - ring of magical power

@: very slightly contaminated, invisible, repel missiles
A: permanent stasis, dig shafts and tunnels, four strong arms, antennae 3
a: Dig, Shaft Self, Upheaval, Elemental Force, Disaster Area, Renounce Religion


You were on level 10 of the Dungeon.
You worshipped Qazlal.
Qazlal was extremely pleased with you.
You were not hungry.

You visited 2 branches of the dungeon, and saw 12 of its levels.

You collected 598 gold pieces.

Inventory:

Hand Weapons
 a - a +0 falchion
 v - a +2 dagger of venom
 G - the +6 trident "Fuexiewevi" (weapon) {venom, rN+ MR++ Stlth-}
   (You found it on level 5 of the Dungeon)

   It poisons the flesh of those it strikes.
   It protects you from negative energy.
   It affects your resistance to hostile enchantments.
   It makes you less stealthy.
 H - a +0 great sword
Missiles
 i - 52 poisoned darts (quivered)
 p - 12 boomerangs
 E - 3 javelins
 N - a boomerang of dispersal
Armour
 f - a +0 leather armour (worn)
 q - a +0 robe
 O - a +2 robe of fire resistance
Jewellery
 e - an uncursed ring of wizardry
 h - a +4 ring of evasion
 m - a +4 ring of protection (left hand)
 D - an amulet of faith (around neck)
 J - an uncursed ring of poison resistance
 K - an uncursed ring of protection from magic
 Q - a ring of magical power (right hand)
 T - an uncursed ring of resist corrosion
Wands
 z - a wand of polymorph (15)
 M - a wand of clouds (5)
 S - a wand of acid (8)
 V - a wand of random effects (20)
 W - a wand of paralysis (7)
Scrolls
 b - 2 scrolls of random uselessness {unknown}
 g - 2 scrolls of enchant weapon {unknown}
 r - 10 scrolls of remove curse
 s - 2 scrolls of fear {unknown}
 u - 3 scrolls of silence {unknown}
 w - a scroll of enchant armour
 x - a scroll of brand weapon
 y - 2 scrolls of fog {unknown}
 F - 2 scrolls of magic mapping {unknown}
 I - 2 scrolls of amnesia {unknown}
 L - 3 scrolls of noise {unknown}
 U - a scroll of immolation
Potions
 k - 3 potions of cancellation
 n - a potion of magic {unknown}
 t - 2 potions of stabbing
 A - a potion of lignification {unknown}
 B - a potion of invisibility
 C - 3 potions of mutation {unknown}
 P - a potion of flight {unknown}
 R - a potion of haste {unknown}
Comestibles
 c - 34 rations


   Skills:
 + Level 5.5 Fighting
 + Level 2.5 Short Blades
 + Level 0.1(1.4) Long Blades
 + Level 5.9 Polearms
 + Level 1.1 Throwing
 - Level 5.0 Armour
 + Level 3.3 Dodging
 - Level 2.4 Stealth
 * Level 7.8 Spellcasting
 * Level 4.6 Conjurations
 * Level 5.5 Hexes
 * Level 3.0 Charms
 + Level 3.1 Transmutations
 + Level 5.7 Fire Magic
 * Level 2.9 Ice Magic
 + Level 3.5 Air Magic
 + Level 5.3 Poison Magic


You had 2 spell levels left.
You knew the following spells:

 Your Spells              Type           Power        Failure   Level
a - Ozocubu's Armour      Chrm/Ice       ###.....     11%         3
c - Mephitic Cloud        Conj/Pois/Air  ###.....     5%          3
d - Tukima's Dance        Hex            ####....     3%          3
e - Sting                 Tmut/Pois      ###.         1%          1
g - Shroud of Golubria    Chrm/Tloc      ##....       10%         2
n - Ignite Poison         Fire/Tmut/Pois ####....     4%          3
s - Song of Slaying       Chrm           ###.....     4%          2
v - Poisonous Vapours     Pois/Air       ###...       3%          2
x - Olgreb's Toxic Radia  Pois           ####....     13%         4

Your spell library contained the following spells:

 Spells                   Type           Power        Failure   Level
 Corona                   Hex            ####...      1%          1
 Beastly Appendage        Tmut           ###...       3%          1
 Infusion                 Chrm           ###.         3%          1
 Ensorcelled Hibernation  Hex/Ice        ###...       3%          2
 Sticks to Snakes         Tmut           ###.....     4%          2
 Summon Small Mammal      Summ           #...         12%         1
 Confusing Touch          Hex            ####....     3%          3
 Dazzling Flash           Conj/Hex       ####..       4%          3
 Spectral Weapon          Hex/Chrm       ###.....     6%          3
 Spider Form              Tmut/Pois      ###.......   6%          3
 Gell's Gravitas          Tloc           #.........   34%         3
 Ice Form                 Ice/Tmut       ###.....     34%         4
 Metabolic Englaciation   Hex/Ice        ###.......   50%         5
 Yara's Violent Unravell  Hex/Tmut       ###.......   50%         5
 Petrify                  Tmut/Erth      ##......     52%         4
 Blade Hands              Tmut           ###.......   67%         5


Dungeon Overview and Level Annotations

Branches:
Dungeon (11/15)            Temple (1/1) D:5            Lair (0/6) D:9
    Orc: D:9-12

Altars:
Ashenzari
Cheibriados
Dithmenos
Elyvilon
Fedhas
Gozag
Hepliaklqana
Kikubaaqudgha
Makhleb
Nemelex Xobeh
Okawaru
Qazlal
Ru
Sif Muna
Trog
Uskayaw
Vehumet
Wu Jian
Xom
Yredelemnul
Zin
The Shining One

Annotations:
D:9 2 transporters


Innate Abilities, Weirdness & Mutations

You cannot be hasted, slowed, berserked, paralysed or teleported.
You can dig through walls and to a lower floor.
Your four strong arms can wield two-handed weapons with a shield.
You have a pair of large antennae on your head. (SInv)


Message History

The skeletal warrior closely misses you.
You hit the skeletal warrior but do no damage.
The skeletal warrior is almost destroyed.
The skeletal warrior misses you.
You hit the skeletal warrior but do no damage.
The skeletal warrior is almost destroyed.
Okay, then.
Press: ? - help, v - describe, . - travel
Here: a skeletal warrior, wielding a +0 battleaxe (almost destroyed)
The floor.
You fade into invisibility!
You block the skeletal warrior's attack.
Your icy armour cracks and falls away as you move.
Attack whom?
Press: ? - help, Dir - move target cursor, f/p - skeletal warrior
Aim: a skeletal warrior, wielding a +0 battleaxe (almost destroyed)
You reach to attack!
You hit the skeletal warrior.
The skeletal warrior is almost destroyed.
The skeletal warrior hits you with a cursed +0 battleaxe!
You die...

#.# #.## #.# #..#
###.### ##.# ......#
###.###### ......#
#....>...# ......#
###.......°#
......####.......§§.#
...........#.....z.○#
......######....@°§.#
#.##### ###.######
#.# ##.# #.#### #..#
#.)..# ##'#######
####.# ###........#
####.### #.'...[....#
.......# #.#........#
.......###.#.>......#


You could see a skeletal warrior.

Vanquished Creatures
  A two-headed ogre (D:10)
  A cyclops (D:10)
  A manticore (D:9)
  Psyche (D:8)
  Joseph (D:9)
  A troll (D:10)
  A polar bear (D:10)
  Grinder (D:4)
  10 yaks
  2 hogs (D:9)
  A human (D:9)
  A water moccasin (D:6)
  2 sky beasts
  2 orc warriors (D:7)
  5 ogres
  A phantom (D:5)
  8 ice beasts
  8 centaurs
  8 bullfrogs
  2 scorpions
  3 killer bees (D:10)
  3 howler monkeys
  7 hounds
  14 orc wizards
  2 jellies
  4 orc priests
  A centaur skeleton (D:5)
  A bullfrog skeleton (D:6)
  3 iguanas
  5 worker ants
  A hound zombie (D:8)
  A hound skeleton (D:4)
  A worker ant zombie (D:5)
  A howler monkey zombie (D:8)
  7 gnolls
  10 adders
  3 shadow imps
  6 white imps
  3 ufetubi
  An ooze (D:3)
  3 adder skeletons
  5 worms
  2 dart slugs
  An adder simulacrum (D:10)
  6 leopard geckos
  29 orcs
  7 giant cockroaches
  5 goblins
  9 hobgoblins
  15 jackals
  10 kobolds
  A quokka (D:4)
  2 ball pythons
  10 bats
  4 frilled lizards
  A jackal zombie (D:5)
  5 rats
250 creatures vanquished.

Notes
Turn   | Place    | Note
-------+----------+-------------------------------------------
     0 | D:1      | Esekla the Formicid Venom Mage began the quest for the Orb.
     0 | D:1      | Reached XP level 1. HP: 13/13 MP: 3/3
   227 | D:2      | Reached XP level 2. HP: 18/20 MP: 5/5
   231 | D:2      | Learned a level 2 spell: Poisonous Vapours
   733 | D:2      | Found a stormy altar of Qazlal.
   734 | D:2      | Found a hide-covered altar of Uskayaw.
   736 | D:2      | Found an ornate altar of the Wu Jian Council.
   736 | D:2      | Found a sacrificial altar of Ru.
   782 | D:2      | Reached skill level 1 in Fighting
   809 | D:2      | Became a worshipper of Qazlal Stormbringer
   902 | D:3      | Reached XP level 3. HP: 26/26 MP: 1/7
   907 | D:3      | Learned a level 3 spell: Mephitic Cloud
   969 | D:4      | Reached skill level 1 in Armour
  1342 | D:4      | Reached XP level 4. HP: 32/32 MP: 1/8
  1607 | D:4      | Reached skill level 3 in Spellcasting
  1751 | D:4      | Reached skill level 1 in Air Magic
  1751 | D:4      | Reached XP level 5. HP: 26/37 MP: 2/9
  1762 | D:4      | Reached skill level 1 in Short Blades
  1770 | D:5      | Entered Level 5 of the Dungeon
  1775 | D:5      | Noticed a phantom
  1815 | D:4      | Noticed Grinder
  2284 | D:1      | Reached * piety under Qazlal
  2445 | D:1      | Learned a level 3 spell: Ignite Poison
  2644 | D:1      | Reached skill level 1 in Conjurations
  3564 | D:3      | Reached XP level 6. HP: 40/44 MP: 7/11
  3638 | D:3      | Reached ** piety under Qazlal
  3745 | D:3      | Found a sacrificial altar of Ru.
  3969 | D:4      | Killed Grinder
  3969 | D:4      | Reached skill level 4 in Spellcasting
  3969 | D:4      | Reached XP level 7. HP: 51/51 MP: 5/13
  4677 | D:5      | Reached skill level 1 in Fire Magic
  4688 | D:5      | Reached skill level 5 in Spellcasting
  4688 | D:5      | Reached XP level 8. HP: 40/57 MP: 4/15
  4996 | D:5      | Found a staircase to the Ecumenical Temple.
  5071 | Temple   | Entered the Ecumenical Temple
  5278 | D:5      | Got a crude trident
  5360 | D:5      | Learned a level 3 spell: Tukima's Dance
  5360 | D:5      | Identified the +6 trident "Fuexiewevi" {venom, rN+ MR++
                  | Stlth-} (You found it on level 5 of the Dungeon)
  5554 | D:6      | Reached *** piety under Qazlal
  6013 | D:6      | Reached skill level 1 in Throwing
  6013 | D:6      | Reached XP level 9. HP: 65/65 MP: 17/17
  6293 | D:7      | Reached skill level 1 in Polearms
  6316 | D:6      | Reached skill level 1 in Hexes
  6648 | D:7      | Found an ancient bone altar of Kikubaaqudgha.
  6728 | D:7      | Found a shimmering blue altar of Sif Muna.
  6730 | D:7      | Found a radiant altar of Vehumet.
  6734 | D:7      | Identified Sif Muna's Papyrus of Creation
  7501 | D:8      | Found a sparkling altar of Nemelex Xobeh.
  7594 | D:8      | You fall into a shaft and drop 2 floors!
  7594 | D:10     | Entered Level 10 of the Dungeon
  7615 | D:10     | Reached **** piety under Qazlal
  7624 | D:9      | Found an iron altar of Okawaru.
  7624 | D:9      | Noticed Joseph
  7632 | D:9      | Killed Joseph
  7632 | D:9      | Reached skill level 6 in Spellcasting
  7632 | D:9      | Reached XP level 10. HP: 65/73 MP: 12/19
  7677 | D:9      | Found a basalt altar of Yredelemnul.
  8120 | D:8      | Noticed Psyche
  8130 | D:8      | Killed Psyche
  8335 | D:8      | Found a shattered altar of Ashenzari.
  8348 | D:8      | Reached skill level 5 in Fighting
  8931 | D:9      | Noticed a manticore
  9003 | D:9      | Found a shimmering altar of Xom.
  9019 | D:9      | Reached skill level 5 in Armour
  9184 | D:9      | Found a transporter.
  9189 | D:9      | Found a transporter.
  9255 | D:9      | Found a staircase to the Lair.
  9262 | D:9      | Learned a level 2 spell: Song of Slaying
  9266 | D:9      | Learned a level 3 spell: Ozocubu's Armour
  9271 | D:9      | Learned a level 4 spell: Olgreb's Toxic Radiance
  9295 | D:9      | Reached skill level 5 in Polearms
  9422 | D:9      | Reached skill level 5 in Poison Magic
  9427 | D:9      | Reached skill level 1 in Charms
  9427 | D:9      | Reached skill level 5 in Fire Magic
  9427 | D:9      | Reached skill level 1 in Ice Magic
  9527 | D:9      | Killed a manticore
  9527 | D:9      | Reached skill level 7 in Spellcasting
  9527 | D:9      | Reached XP level 11. HP: 21/80 MP: 21/21
 10027 | D:10     | Reached ***** piety under Qazlal
 10035 | D:10     | Found a shadowy altar of Dithmenos.
 10331 | D:10     | Noticed a cyclops
 10338 | D:10     | Killed a cyclops
 10338 | D:10     | Reached skill level 5 in Hexes
 10811 | D:10     | Noticed a two-headed ogre
 10820 | D:10     | Killed a two-headed ogre
 11002 | D:10     | Learned a level 2 spell: Shroud of Golubria
 11036 | D:11     | Noticed a skeletal warrior
 11036 | D:11     | Noticed a skeletal warrior
 11036 | D:11     | Noticed a skeletal warrior
 11060 | D:10     | HP: 1/80 [skeletal warrior/cursed +0 battleaxe[a skeletal
                  | warrior] (19)]
 11073 | D:10     | Mangled by a skeletal warrior

Illustrated notes

Levels and vault maps discovered:
D:1:      zelgadis_glass_arrival_small, layout_loops_corners, serial_bayou,
          serial_bayou_pond_b, serial_bayou_lake_a, serial_bayou_pond_d,
          serial_bayou_crossing, minmay_bisected
D:2:      layout_basic, chequers_temple_overflow_statue_of_worship,
          feat_on_display
D:3:      layout_rooms, nicolae_ru_the_path_less_chosen
D:4:      layout_basic, first_ration, minmay_liquid_box, uniq_grinder
D:5:      layout_loops_ring, minmay_temple_entry_junction
D:6:      layout_basic, lightli_corner_chamber
D:7:      layout_loops_ring, grunt_temple_overflow_magic_moments
D:8:      layout_loops_corners, nemelex_xobeh_ov_fountains_minmay, basic_altar,
          uniq_psyche
D:9:      gammafunk_jiyva_shrine, layout_basic, kennysheep_little_box,
          okawaru_metal_pillars_1_2, lemuel_coloured_pillars_altar,
          lair_entry_dummy, grunt_livestock, minivault_24, uniq_joseph
D:10:     layout_roguey, serial_ice, serial_ice_l, serial_ice_c, serial_ice_f,
          serial_ice_a, serial_ice_d, serial_ice_o, basic_altar
D:11:     minmay_the_grid_octo_2x2 [minmay_the_grid_octo_pinwheel,
          minmay_the_grid_octo_chip, minmay_the_grid_octo_77,
          minmay_the_grid_octo_prize_single_spiral], layout_small_grid
Temple:   minmay_freezing_vapour_temple

Skill      XL: |  1  2  3  4  5  6  7  8  9 10 11 |
---------------+----------------------------------+-----
Fighting       | 1 2 3 4 5 |  5.5
Armour         | 1 2 3 4 5 |  5.0
Dodging        | 2 3 |  3.3
Spellcasting   | 3 4 5 6 7 |  7.8
Air Magic      | 1 2 3 |  3.5
Short Blades   | 1 2 |  2.5
Conjurations   | 1 2 3 4 |  4.6
Fire Magic     | 1 2 4 5 |  5.7
Throwing       | 1 |  1.1
Polearms       | 3 5 |  5.9
Hexes          | 3 4 5 |  5.5
Transmutations | 2 3 |  3.1
Poison Magic   | 5 |  5.3
Charms         | 1 3 |  3.0
Ice Magic      | 1 2 |  2.9
Long Blades    | |  0.1
Stealth        | |  2.4

Action                   |  1- 3 |  4- 6 |  7- 9 | 10-12 || total
-------------------------+-------+-------+-------+-------++-------
Melee: Dagger            |    93 |    81 |   103 |       ||   277
       Falchion          |       |    35 |       |       ||    35
       Trident           |       |       |   137 |   233 ||   370
       Great sword       |       |       |     3 |       ||     3
Throw: Dart              |     4 |     3 |    10 |     5 ||    22
       Boomerang         |       |       |     9 |       ||     9
 Cast: Sting             |     6 |       |       |       ||     6
       Poisonous Vapours |    12 |    50 |     6 |     3 ||    71
       Mephitic Cloud    |       |     7 |    22 |    25 ||    54
       Ignite Poison     |       |     1 |    12 |    17 ||    30
       Ozocubu's Armour  |       |       |       |     6 ||     6
  Use: Scroll            |       |       |     5 |     5 ||    10
       Potion            |       |       |       |     5 ||     5
 Stab: Sleeping          |     3 |     1 |       |       ||     4
       Confused          |       |     1 |     5 |     6 ||    12
       Distracted        |       |       |       |     1 ||     1
  Eat: Ration            |     1 |     2 |     3 |     3 ||     9
Armor: Leather armour    |    24 |    14 |    41 |    47 ||   126
       Robe              |     2 |       |       |       ||     2
Dodge: Dodged            |    61 |    94 |   146 |   111 ||   412
       Repelled          |       |       |       |    10 ||    10
Block: Other             |       |     6 |    38 |    54 ||    98
       Rpst.: Falchion   |       |    11 |       |       ||    11

Table legend:
 A = Non-vault XP
 B = Vault XP
 C = Vault XP percentage of total XP
 D = Non-vault monster count
 E = Vault monster count
 F = Vault count percentage of total count
                 A         B        C        D         E       F
            +---------+---------+-------+---------+---------+-------
      Total |    9462 |    3417 |  26.5 |     220 |      30 |  12.0
            +---------+---------+-------+---------+---------+-------
        D:1 |      38 |      15 |  28.3 |      24 |       9 |  27.3
        D:2 |      30 |       0 |   0.0 |      13 |       0 |   0.0
        D:3 |     150 |       0 |   0.0 |      31 |       0 |   0.0
        D:4 |     431 |     267 |  38.3 |      20 |       1 |   4.8
        D:5 |     659 |       0 |   0.0 |      17 |       0 |   0.0
        D:6 |     719 |       0 |   0.0 |      10 |       0 |   0.0
        D:7 |    1341 |       0 |   0.0 |      42 |       0 |   0.0
        D:8 |     917 |     433 |  32.1 |      24 |       1 |   4.0
        D:9 |    1630 |    1534 |  48.5 |      15 |       7 |  31.8
       D:10 |    3547 |    1168 |  24.8 |      24 |      12 |  33.3
            +---------+---------+-------+---------+---------+-------
